 Dungeon Crawl Stone Soup version 0.25.1-2-g60ff931df9 (webtiles) character file.

Game seed: 1603420052227939139

46893 DerDa the Tainter (level 14, -24/103 HPs)
             Began as a Formicid Venom Mage on Sept 26, 2020.
             Was an Elder of Sif Muna.
             Annihilated by a spriggan rider
             ... wielding the +2 trident of Raloamiz {antimagic, +Blink rC- Str+10 Dex+5}
              (38 damage)
             ... on level 2 of the Lair of Beasts.
             The game lasted 01:25:26 (29045 turns).

DerDa the Tainter (Formicid Venom Mage)            Turns: 29045, Time: 01:25:26

Health: -24/103    AC:  6    Str: 14    XL:     14   Next: 78%
Magic:  4/28       EV: 23    Int: 17    God:    Sif Muna [****..]
Gold:   866        SH:  0    Dex: 19    Spells: 9/33 levels left

rFire    . . .     SeeInvis +   S - +10 lajatang "Epaxzuel" {freeze, rN+ Dex+5}
rCold    . . .     Gourm    .   (no shield)
rNeg     + . .     Faith    .   D - +1 leather armour {rPois}
rPois    +         Spirit   .   (helmet unavailable)
rElec    .         Reflect  .   (no cloak)
rCorr    .         Harm     .   h - +1 pair of gloves
MR       +....                  (no boots)
Stlth    +++++.....             u - amulet of the acrobat
HPRegen  0.27/turn              N - ring of Ecwesollyn {Wiz Dex+3}
MPRegen  0.21/turn              T - +4 ring of evasion

@: mighty, studying 2 skills, lightly drained
A: permanent stasis, dig shafts and tunnels, four strong arms, antennae 3, dopey
1
a: Dig, Shaft Self, Channel Magic, Forget Spell, Divine Exegesis, Renounce
Religion


You were on level 2 of the Lair of Beasts.
You worshipped Sif Muna.
Sif Muna was greatly pleased with you.
You were not hungry.

You visited 3 branches of the dungeon, and saw 18 of its levels.
You also visited: Volcano.

You collected 1633 gold pieces.
You spent 767 gold pieces at shops.

Inventory:

Hand Weapons
 p - a +4 war axe of electrocution
 s - a +3 quarterstaff of chaos
 I - a +2 whip of freezing
 L - a +5 great sword
 R - a +0 trident of holy wrath
 S - the +10 lajatang "Epaxzuel" (weapon) {freeze, rN+ Dex+5}
   (You found it on level 6 of the Lair of Beasts)

   It has been specially enchanted to freeze those struck by it, causing extra
   injury to most foes and up to half again as much damage against particularly
   susceptible opponents.
   It can also slow down cold-blooded creatures.
   It affects your dexterity (+5).
   It protects you from negative energy.
Missiles
 d - 460 stones (quivered)
 e - 185 sling bullets
 q - 127 bolts
Armour
 h - a +1 pair of gloves (worn)
 D - a +1 leather armour of poison resistance (worn)
 Q - the +5 scale mail "Baostuo" {MP+9}
   (You found it on level 11 of the Dungeon)

   It affects your magic capacity (+9).
Jewellery
 a - an uncursed ring of fire
 n - an uncursed ring of ice
 u - an amulet of the acrobat (around neck)
 K - a +6 ring of dexterity
 N - the ring of Ecwesollyn (left hand) {Wiz Dex+3}
   (You bought it in a shop on level 10 of the Dungeon)

   [ring of wizardry]

   It improves your spell success rate.
   It affects your dexterity (+3).
 T - a +4 ring of evasion (right hand)
Wands
 w - a wand of acid (4)
 x - a wand of enslavement (20)
 H - a wand of flame (8)
 O - a wand of polymorph (13)
Scrolls
 b - 13 scrolls of remove curse
 f - a scroll of identify
 j - 2 scrolls of immolation
 k - 3 scrolls of magic mapping
 l - 3 scrolls of fog
 o - 4 scrolls of enchant weapon
 v - a scroll of silence
 y - 2 scrolls of fear
 z - a scroll of summoning {unknown}
 B - 2 scrolls of amnesia
 C - 4 scrolls of enchant armour
 F - a scroll of blinking {unknown}
 J - a scroll of holy word
 U - a scroll of brand weapon {unknown}
Potions
 g - 4 potions of flight
 m - 3 potions of brilliance
 r - a potion of resistance
 t - 5 potions of curing
 A - 2 potions of might
 G - a potion of magic
 P - a potion of lignification
Books
 i - a manual of
Armour
 E - a manual of Stealth
Miscellaneous
 M - a box of beasts
Comestibles
 c - 24 rations


   Skills:
 + Level 7.3(6.7) Fighting
 + Level 0.1(0.0) Armour
 * Level 9.5(8.9) Dodging
 + Level 11.8(11.2) Stealth
 * Level 10.4(9.8) Spellcasting
 + Level 6.0(5.4) Conjurations
 + Level 7.0(6.4) Transmutations
 - Level 5.3(4.7) Fire Magic
 - Level 5.0(4.4) Air Magic
 * Level 7.5(6.9) Earth Magic
 * Level 13.3(12.6) Poison Magic
 + Level 7.6(7.0) Invocations


You had 9 spell levels left.
You knew the following spells:

 Your Spells              Type           Power        Failure   Level  Hunger
a - Sting                 Tmut/Pois      ####         1%          1    None
b - Mephitic Cloud        Conj/Pois/Air  ####....     1%          3    None
c - Ignite Poison         Fire/Tmut/Pois #####...     1%          3    None
d - Olgreb's Toxic Radia  Pois           ######..     1%          4    ###....
e - Irradiate             Conj/Tmut      ####......   11%         5    #####..
f - Statue Form           Tmut/Erth      ####.....    38%         6    ######.
u - Poisonous Vapours     Pois/Air       #####.       1%          2    None

Your spell library contained the following spells:

 Spells                   Type           Power        Failure   Level  Hunger
 Beastly Appendage        Tmut           ####..       1%          1    None
 Magic Dart               Conj           ####         1%          1    None
 Sandblast                Erth           ####..       1%          1    None
 Passwall                 Tmut/Erth      ####....     1%          2    None
 Searing Ray              Conj           ####..       1%          2    None
 Sticks to Snakes         Tmut           ####....     1%          2    None
 Conjure Flame            Conj/Fire      ####....     1%          3    None
 Spider Form              Tmut/Pois      #####.....   1%          3    None
 Stone Arrow              Conj/Erth      ####..       1%          3    None
 Petrify                  Tmut/Erth      ####....     2%          4    ###....
 Alistair's Intoxication  Tmut/Pois      #####...     2%          5    #####..
 Animate Skeleton         Necr           N/A          4%          1    None
 Apportation              Tloc           #.....       4%          1    None
 Corona                   Hex            #......      4%          1    None
 Freeze                   Ice            #...         4%          1    None
 Summon Small Mammal      Summ           #...         4%          1    None
 Dazzling Flash           Conj/Hex       ###...       4%          3    None
 Lee's Rapid Deconstruct  Erth           ####......   8%          5    #####..
 Blade Hands              Tmut           ####......   9%          5    #####..
 Ice Form                 Ice/Tmut       ###.....     12%         4    ###....
 Confusing Touch          Hex            #.......     13%         3    None
 Frozen Ramparts          Ice            #.....       13%         3    None
 Gell's Gravitas          Tloc           #.........   13%         3    None
 Ozocubu's Armour         Chrm/Ice       #.......     13%         3    None
 Eringya's Noxious Bog    Tmut/Pois      #####.....   13%         6    ######.
 Fulminant Prism          Conj/Hex       ###.......   16%         4    ###....
 Hailstorm                Conj/Ice       ###.....     16%         4    ###....
 Iskenderun's Mystic Bla  Conj/Tloc      ###.....     16%         4    ###....
 Summon Lightning Spire   Summ/Air       ###.....     17%         4    ###....
 Yara's Violent Unravell  Hex/Tmut       ###.......   32%         5    #####..
 Cause Fear               Hex            #.........   38%         4    ###....
 Summon Ice Beast         Ice/Summ       #.......     38%         4    ###....
 Hydra Form               Tmut           ####......   41%         6    ######.
 Silence                  Hex/Air        ###.......   43%         5    #####..
 Conjure Ball Lightning   Conj/Air       ####......   63%         6    ######.
 Metabolic Englaciation   Hex/Ice        #.........   73%         5    #####..
 Dragon Form              Tmut           ####......   92%         7    #######
 Ring of Flames           Chrm/Fire      ###.......   100%        7    #######
 Fire Storm               Conj/Fire      ####......   100%        9    #######
 Tornado                  Air            ###.......   100%        9    #######


Dungeon Overview and Level Annotations

Branches:
Dungeon (11/15)            Temple (1/1) D:5            Lair (6/6) D:8
  Swamp (0/4) Lair:2       Spider (0/4) Lair:4        Slime (0/5) Lair:6
    Orc (0/2) D:11        Volcano (visited)

Altars:
Ashenzari
Cheibriados
Dithmenos
Elyvilon
Fedhas
Gozag
Hepliaklqana
Kikubaaqudgha
Makhleb
Nemelex Xobeh
Okawaru
Qazlal
Ru
Sif Muna
Trog
Uskayaw
Vehumet
Wu Jian
Xom
Yredelemnul
Zin
The Shining One
Jiyva

Shops:
D:6 *   D:10 =!!}

Portals:
Hell: Lair:6

Annotations:
Lair:2 1 transporter, exclusion: ice statue, Gaxx's ghost, novice DsGl


Innate Abilities, Weirdness & Mutations

You cannot be hasted, slowed, berserked, paralysed or teleported.
You can dig through walls and to a lower floor.
Your four strong arms can wield two-handed weapons with a shield.
You have a pair of large antennae on your head. (SInv)
You are dopey. (Int -2)


Message History

Gaxx's ghost completely misses you.
The spriggan rider hits you with the +10 trident of Offence {drain, Str+5 SInv}!!!
* * * LOW HITPOINT WARNING * * *
You partially resist.
You feel drained.
* * * LOW HITPOINT WARNING * * *
You feel better.
The moth of wrath goads the spriggan rider on!
The spriggan rider goes berserk!
The spriggan rider hits you with the +10 trident of Offence {drain, Str+5 SInv}.
* * * LOW HITPOINT WARNING * * *
You partially resist.
You feel drained.
The moth of wrath goads the spriggan on!
The spriggan goes berserk!
The spriggan rider closely misses you. Gaxx's ghost hits you.
* * * LOW HITPOINT WARNING * * *
Gaxx's ghost freezes you.
* * * LOW HITPOINT WARNING * * *
You feel better. The spriggan rider barely misses you.
The spriggan rider hits you with the +2 trident of Raloamiz {antimagic, +Blink rC- Str+10 Dex+5}!!!
You die...

##..####..i.i##..# ##..
#..##.#≈#.######.# ###...
##.#.i##}.)≈ #.#.# ##.....
#.#....._.###.#.###....##
##.#...#.......#.##......#
##..##..#°#....##.###....P#
#....#..##°y...#..###P.....
##...###y#Wi).##.###.......
###..###i@i###..##.#......
##...#####...#..#.......
###...©....##..........
###...P###...........
#P...###............
###...........###...
######..:...# ###. ##..####
## ####


You could see 2 spriggan riders, 2 moths of wrath, a spriggan (berserk) and
Gaxx's ghost.

Vanquished Creatures
  Fannar (Lair:1)
  8 hydras
  2 catoblepae
  2 death yaks
  A sixfirhy (Lair:6)
  An unseen horror (D:10)
  A wizard (Lair:6)
  Pikel (D:7)
  A lindwurm (Lair:1)
  An ugly thing (D:11)
  2 cyclopes (D:11)
  11 elephants
  Joseph (D:7)
  3 black mambas
  2 torpor snails
  3 orange demons (Lair:6)
  16 spiny frogs
  A centaur skeleton (D:11)
  11 komodo dragons
  5 rime drakes
  A freezing wraith (Lair:2)
  A hellwing (Lair:6)
  A polar bear (Lair:2)
  4 blink frogs (Lair:6)
  A jumping spider (Lair:4)
  2 red devils (Lair:6)
  4 hippogriffs
  5 dream sheep (Lair:6)
  2 wyverns
  4 spriggans
  31 yaks
  2 hungry ghosts (D:9)
  3 basilisks (Lair:6)
  Menkaure (D:7)
  4 hell hounds (Lair:6)
  12 water moccasins
  6 porcupines
  Duvessa (D:7)
  A black bear (Lair:5)
  An eye of draining (D:8)
  11 ice beasts
  5 orc warriors
  3 sky beasts
  4 slaves (D:7)
  4 ogres
  2 phantoms (D:6)
  A necrophage (D:11)
  3 wolves (Lair:2)
  6 centaurs
  11 crocodiles
  7 bullfrogs
  Dowan (D:7)
  A wyvern skeleton (D:9)
  2 scorpions (D:4)
  16 killer bees
  2 howler monkeys (D:8)
  4 wights (D:8)
  6 electric eels
  3 crimson imps
  A bullfrog zombie (D:6)
  A jelly (D:8)
  2 centaur zombies (D:10)
  7 hounds
  4 orc priests
  6 orc wizards (D:11)
  Crazy Yiuf (D:2)
  A bullfrog skeleton (D:6)
  4 iguanas
  Terence (D:2)
  8 worker ants
  A worker ant zombie (D:6)
  A howler monkey zombie (D:7)
  5 adders
  2 howler monkey skeletons (D:8)
  A shadow imp (D:9)
  An ooze (D:1)
  An adder zombie (D:9)
  2 adder skeletons (D:4)
  A worm (D:3)
  A dart slug (D:1)
  2 leopard geckos (D:5)
  46 orcs
  10 giant cockroaches
  11 hobgoblins
  13 jackals
  4 kobolds
  6 quokkas
  12 bats
  7 frilled lizards
  11 goblins
  A leopard gecko skeleton (D:6)
  2 quokka skeletons (D:4)
  6 rats
  3 fungi
439 creatures vanquished.

Vanquished Creatures (others)
  A hound skeleton (D:7)
  16 fungi
  3 plants (Lair:5)
  7 toadstools (Lair:1)
27 creatures vanquished.

Grand Total: 466 creatures vanquished

Notes
Turn   | Place    | Note
-------+----------+-------------------------------------------
     0 | D:1      | DerDa the Formicid Venom Mage began the quest for the Orb.
     0 | D:1      | Reached XP level 1. HP: 13/13 MP: 3/3
   154 | D:1      | Reached XP level 2. HP: 10/19 MP: 0/5
   158 | D:1      | Learned a level 2 spell: Poisonous Vapours
   619 | D:1      | Reached XP level 3. HP: 24/24 MP: 3/6
   624 | D:1      | Learned a level 3 spell: Mephitic Cloud
  1433 | D:2      | Noticed Terence
  1446 | D:2      | Killed Terence
  1446 | D:2      | Reached XP level 4. HP: 8/30 MP: 0/8
  2619 | D:2      | Found an ornate altar of the Wu Jian Council.
  2619 | D:2      | Found a hide-covered altar of Uskayaw.
  2682 | D:2      | Reached skill level 5 in Poison Magic
  2835 | D:2      | Found a runed translucent door.
  2836 | D:2      | Noticed Crazy Yiuf
  2845 | D:2      | Killed Crazy Yiuf
  2845 | D:2      | Reached XP level 5. HP: 29/35 MP: 2/9
  3005 | D:3      | Learned a level 3 spell: Ignite Poison
  3388 | D:3      | Found an opulent altar of Gozag.
  3507 | D:3      | Reached skill level 1 in Air Magic
  4140 | D:3      | Reached XP level 6. HP: 30/41 MP: 1/11
  4465 | D:4      | Noticed an ogre
  4475 | D:4      | Killed an ogre
  4836 | D:4      | Reached skill level 6 in Poison Magic
  4836 | D:4      | Reached XP level 7. HP: 46/46 MP: 7/13
  4842 | D:4      | Learned a level 4 spell: Olgreb's Toxic Radiance
  5000 | D:4      | Found a shimmering blue altar of Sif Muna.
  5016 | D:4      | Became a worshipper of Sif Muna the Loreminder
  5073 | D:5      | Entered Level 5 of the Dungeon
  5138 | D:5      | Found an ancient bone altar of Kikubaaqudgha.
  5144 | D:5      | Found a shattered altar of Ashenzari.
  5144 | D:5      | Found a shimmering altar of Xom.
  5182 | D:5      | Found a staircase to the Ecumenical Temple.
  5321 | Temple   | Entered the Ecumenical Temple
  5709 | D:5      | Noticed a water moccasin
  5803 | D:5      | Found a sacrificial altar of Ru.
  5821 | D:5      | Reached skill level 1 in Fighting
  5934 | D:5      | Found a white marble altar of Elyvilon.
  6211 | D:6      | Reached skill level 1 in Fire Magic
  6211 | D:6      | Reached XP level 8. HP: 46/54 MP: 14/14
  6305 | D:6      | Identified the Collected Works on Venom
  6437 | D:6      | Reached skill level 1 in Conjurations
  6666 | D:6      | Found Bes Xuin's General Store.
  6669 | D:6      | Bought a scroll of identify for 26 gold pieces
  6669 | D:6      | Bought a potion of might for 52 gold pieces
  6695 | D:6      | Reached skill level 7 in Poison Magic
  6814 | D:6      | Found a burning altar of Makhleb.
  6816 | D:6      | Noticed an Executioner
  6820 | D:6      | Noticed a smoke demon
  6820 | D:6      | Noticed a hellwing
  6948 | D:6      | Found a shadowy altar of Dithmenos.
  7011 | D:6      | Reached skill level 5 in Spellcasting
  7215 | D:7      | Reached * piety under Sif Muna
  7587 | D:7      | Noticed Duvessa
  7587 | D:7      | Noticed Dowan
  7600 | D:7      | Killed Duvessa
  7600 | D:7      | Reached XP level 9. HP: 22/61 MP: 1/16
  7600 | D:7      | Killed Dowan
  7600 | D:7      | Reached skill level 1 in Invocations
  7946 | D:7      | Noticed Menkaure
  7954 | D:7      | Killed Menkaure
  8126 | D:7      | Noticed Joseph
  8254 | D:7      | Killed Joseph
  8254 | D:7      | Reached skill level 5 in Dodging
  8254 | D:7      | Reached skill level 8 in Poison Magic
  8461 | D:7      | Noticed Pikel
  8474 | D:7      | Killed Pikel
  9014 | D:8      | Reached XP level 10. HP: 41/70 MP: 19/19
  9200 | D:8      | Reached skill level 5 in Stealth
  9358 | D:8      | Found a staircase to the Lair.
  9864 | D:9      | Reached skill level 9 in Poison Magic
 10561 | D:9      | Reached ** piety under Sif Muna
 10980 | D:9      | Found a blossoming altar of Fedhas.
 11017 | D:10     | Entered Level 10 of the Dungeon
 11066 | D:9      | Paralysed by fainting for 5 turns
 11555 | D:10     | Found Qoilem's Gadget Shop.
 11574 | D:10     | Noticed an unseen horror
 11585 | D:10     | Killed an unseen horror
 11751 | D:10     | Found an iron altar of Okawaru.
 11861 | D:10     | Reached skill level 5 in Transmutations
 11869 | D:10     | Found Qilawki's Distillery.
 11873 | D:10     | Found Qaoghije's Jewellery Emporium.
 11885 | D:10     | Bought the ring of Ecwesollyn {Wiz Dex+3} for 476 gold
                  | pieces
 12014 | D:10     | Bought a potion of curing for 39 gold pieces
 12014 | D:10     | Bought a potion of lignification for 39 gold pieces
 12033 | D:10     | Reached XP level 11. HP: 60/77 MP: 12/21
 12143 | D:10     | Reached skill level 10 in Poison Magic
 12545 | D:10     | Found Kolamek's Distillery.
 12844 | D:11     | Got a bloodstained scale mail
 12875 | D:11     | Noticed a cyclops
 12889 | D:11     | Killed a cyclops
 13247 | D:11     | Noticed a purple ugly thing
 13727 | D:11     | Found a staircase to the Orcish Mines.
 13751 | D:11     | Killed a purple ugly thing
 13987 | D:11     | Noticed a cyclops
 13994 | D:11     | Killed a cyclops
 14519 | D:10     | Bought a potion of degeneration for 15 gold pieces
 14519 | D:10     | Bought a potion of heal wounds for 75 gold pieces
 14519 | D:10     | Bought a potion of curing for 45 gold pieces
 14530 | D:10     | Identified the +5 scale mail "Baostuo" {MP+9} (You found it
                  | on level 11 of the Dungeon)
 14598 | Lair:1   | Entered Level 1 of the Lair of Beasts
 14667 | Lair:1   | Found a dark tunnel.
 14802 | Volcano  | Entered a volcano
 15079 | Lair:1   | Reached skill level 5 in Fighting
 15637 | Lair:1   | Reached skill level 5 in Invocations
 15637 | Lair:1   | Reached XP level 12. HP: 52/86 MP: 24/24
 15643 | Lair:1   | HP: 4/86 [spiny frog (4)]
 15903 | Lair:1   | Noticed a catoblepas
 15923 | Lair:1   | Found a runed translucent door.
 16011 | Lair:1   | Reached skill level 11 in Poison Magic
 16415 | Lair:1   | Learned a level 5 spell: Irradiate
 16422 | Lair:1   | Learned a level 6 spell: Statue Form
 16570 | Lair:1   | Noticed Fannar
 16576 | Lair:1   | Killed Fannar
 16780 | Lair:1   | Reached *** piety under Sif Muna
 16780 | Lair:1   | Reached skill level 1 in Earth Magic
 16804 | Lair:1   | Killed a catoblepas
 17480 | Lair:2   | Found a staircase to the Swamp.
 17983 | Lair:2   | Found a transporter.
 17983 | Lair:2   | Found a transporter.
 17984 | Lair:2   | Identified the +10 trident of Offence {drain, Str+5 SInv}
 17984 | Lair:2   | Noticed a spriggan rider
 17985 | Lair:2   | Noticed Gaxx's ghost (novice DsGl)
 17986 | Lair:2   | Identified the +2 trident of Raloamiz {antimagic, +Blink
                  | rC- Str+10 Dex+5}
 17986 | Lair:2   | Noticed a spriggan rider
 17991 | Lair:2   | Found a bloodstained altar of Trog.
 18907 | Lair:3   | Reached skill level 5 in Fire Magic
 18942 | Lair:3   | Noticed a four-headed hydra
 18949 | Lair:3   | Killed a four-headed hydra
 19511 | Lair:3   | Reached XP level 13. HP: 93/93 MP: 19/25
 20700 | Lair:4   | Noticed a six-headed hydra
 20708 | Lair:4   | Killed a six-headed hydra
 20708 | Lair:4   | Reached skill level 10 in Stealth
 20848 | Lair:4   | Noticed a five-headed hydra
 20858 | Lair:3   | Reached skill level 12 in Poison Magic
 21197 | Lair:4   | Killed a five-headed hydra
 21197 | Lair:4   | Reached skill level 5 in Conjurations
 21521 | Lair:4   | Found a hole to the Spider Nest.
 21533 | Lair:4   | Reached skill level 5 in Air Magic
 22445 | Lair:5   | Reached skill level 5 in Earth Magic
 22581 | Lair:5   | Noticed a catoblepas
 22594 | Lair:5   | Killed a catoblepas
 22660 | Lair:4   | HP: 3/94 [death yak[a torpor snail] (18)]
 23323 | Lair:5   | Noticed an eight-headed hydra
 23377 | Lair:5   | Killed an eight-headed hydra
 23774 | Lair:5   | Reached **** piety under Sif Muna
 24254 | Lair:5   | Noticed a four-headed hydra
 24263 | Lair:5   | Killed a four-headed hydra
 24392 | Lair:5   | Reached XP level 14. HP: 84/101 MP: 21/27
 24482 | Lair:6   | Entered Level 6 of the Lair of Beasts
 24783 | Lair:6   | Found a staircase to the Slime Pits.
 24784 | Lair:6   | Found a viscous altar of Jiyva.
 25328 | Lair:6   | Reached skill level 10 in Spellcasting
 25652 | Lair:6   | Reached skill level 13 in Poison Magic
 25684 | Lair:6   | Gained mutation: You are dopey. (Int -2) [mutagenic glow]
 25937 | Lair:6   | Reached ***** piety under Sif Muna
 25972 | Lair:6   | Identified Sif Muna's Compendium of Curses and Flames (Sif
                  | Muna gifted it to you on level 6 of the Lair of Beasts)
 25972 | Lair:6   | Received a gift from Sif Muna
 26265 | Lair:6   | Found a snail-covered altar of Cheibriados.
 26995 | Lair:6   | Got a polished lajatang
 26999 | Lair:6   | Identified the +10 lajatang "Epaxzuel" {freeze, rN+ Dex+5}
                  | (You found it on level 6 of the Lair of Beasts)
 27285 | Lair:6   | Found a burning altar of Makhleb.
 28501 | Lair:6   | Found a gateway to Hell.
 29043 | Lair:2   | HP: 1/103 [spriggan rider/the +10 trident of Offence
                  | {drain, Str+5 SInv} (5)]
 29045 | Lair:2   | Annihilated by a spriggan rider

Illustrated notes

Levels and vault maps discovered:
D:1:      wander_arrival_desolate, layout_basic, st_stairs_13,
          kennysheep_decorative_pillar, chequers_serial_rivers_large_a
D:2:      kennysheep_big_flooded_room, layout_loops_corners,
          amethyst_overflow_temple_binary, uniq_terence, uniq_crazy_yiuf_cottage
D:3:      layout_loops_cross, grunt_gozag_statues, first_ration
D:4:      layout_loops_cross, lemuel_doored_altar
D:5:      layout_cave_pools, lemuel_round_altar,
          chequers_temple_overflow_statue_of_worship, minmay_temple_entry_ruins,
          minmay_circle_x
D:6:      layout_gridville, kennysheep_mini_moat, makhleb_altar_promises_db,
          serial_shops, nicolae_shop_window_shopping
D:7:      layout_gridville, the_bakery, minmay_manual_mail, uniq_pikel,
          uniq_joseph, uniq_menkaure, uniq_duvessa
D:8:      layout_loops_ring, lair_entry_dummy
D:9:      layout_rooms, fedhas_altar_4
D:10:     layout_layer_cave, serial_shops, shop, shop, shop, shop,
          okawaru_ov_weapons_minmay
D:11:     layout_long_grid, erik_orc_3
Temple:   jpeg_temple_alley_garden
Lair:1:   gammafunk_lair_enchanted_lake, layout_cave_pods,
          nicolae_volcano_entry_hallway, uniq_fannar
Lair:2:   layout_cave_shapes, swamp_mist_pool,
          gammafunk_ghost_wrathful_warriors, ice2_lemuel
Lair:3:   layout_cave_pods, serial_bayou_shore_b
Lair:4:   layout_loops_ring, spider_nest_entry_rubble
Lair:5:   layout_regular_city, serial_bayou, serial_bayou_pond_a,
          serial_bayou_crossing, serial_bayou_shore_b, serial_bayou_shore_a,
          serial_bayou_pond_e, minmay_hedge_maze, beast_lair_carwin_9,
          serial_bayou_shore_b, grunt_megastairs_2
Lair:6:   evil_forest, layout_small_grid, slime_altar_1, basic_altar,
          grunt_megastairs_1, serial_bayou_shore_b

Skill      XL: |  1  2  3  4  5  6  7  8  9 10 11 12 13 14 |
---------------+-------------------------------------------+-----
Dodging        | 2 3 4 5 6 7 8 9 |  9.5
Spellcasting   | 3 4 5 6 7 8 9 10 | 10.4
Poison Magic   | 5 6 7 8 9 10 11 12 13 | 13.3
Transmutations | 2 3 4 5 6 7 |  7.0
Air Magic      | 1 2 3 4 5 |  5.0
Fighting       | 1 2 3 4 5 6 7 |  7.3
Fire Magic     | 1 2 3 4 5 |  5.3
Conjurations   | 1 2 3 4 5 6 |  6.0
Stealth        | 3 4 6 8 9 10 11 | 11.8
Invocations    | 2 3 5 6 7 |  7.6
Earth Magic    | 3 6 7 |  7.5
Armour         | |  0.1

Action                   |  1- 3 |  4- 6 |  7- 9 | 10-12 | 13-15 || total
-------------------------+-------+-------+-------+-------+-------++-------
Melee: Dagger            |    18 |       |       |       |       ||    18
       Unarmed           |     2 |       |       |       |       ||     2
       Short sword       |    11 |    14 |       |       |       ||    25
       Quarterstaff      |       |    57 |   149 |   202 |   164 ||   572
       Great sword       |       |       |       |    24 |       ||    24
       War axe           |       |       |       |    42 |    40 ||    82
       Lajatang          |       |       |       |       |    53 ||    53
Throw: Stone             |       |       |       |     1 |     3 ||     4
 Cast: Sting             |    38 |    54 |    27 |    67 |   119 ||   305
       Poisonous Vapours |     7 |    30 |    15 |    52 |    27 ||   131
       Olgreb's Toxic Ra |       |       |     7 |    35 |    51 ||    93
       Mephitic Cloud    |       |       |     4 |    34 |    44 ||    82
       Ignite Poison     |       |       |     3 |    22 |    37 ||    62
       Irradiate         |       |       |       |       |     1 ||     1
 Abil: Dig               |       |       |       |     1 |     1 ||     2
Evoke: Wand              |       |       |       |     1 |     3 ||     4
  Use: Scroll            |       |     8 |     1 |    14 |       ||    23
       Potion            |       |       |     1 |     4 |     7 ||    12
 Stab: Sleeping          |       |     2 |     3 |     1 |       ||     6
       Petrified         |       |       |       |     5 |     4 ||     9
       Petrifying        |       |       |       |     1 |     1 ||     2
       Paralysed         |       |       |       |     4 |       ||     4
       Confused          |       |       |       |     1 |     2 ||     3
       Distracted        |       |       |       |       |     1 ||     1
  Eat: Chunk             |     2 |    13 |    15 |    28 |    18 ||    76
       Ration            |       |       |       |     4 |     5 ||     9
Armor: Robe              |    13 |    13 |    14 |       |       ||    40
       Leather armour    |       |       |    13 |    85 |    58 ||   156
       Scale mail        |       |       |       |    15 |       ||    15
Dodge: Dodged            |    44 |    52 |   124 |   309 |   434 ||   963
       Rpst.: Great sword |       |       |       |    12 |       ||    12
